Map: Abyssal Reef LE

Players

lima

  • Race: Zerg Zerg
  • League: Gold
  • Spawn Location: 5:00

Cuervo - Winner!

  • Race: Zerg Zerg
  • Spawn Location: 11:00

VOD

Have the link to the VOD?

Description

Time

  • Played on: Sept. 21, 2017, 4:36 p.m.
  • Length: 10:13
Show
View Real Time Build Order
Export as new Build Order

lima Zerg 

Build Orders: Pool First 

Get SALT Encoding   

  12  0:01  Drone  
  13  0:08  Drone  
  14  0:16  Overlord  
  14  0:36  Spawning Pool  
  14  0:37  Drone  
  14  0:44  Drone  
  15  0:50  Drone  
  15  0:51  Drone  
  17  1:03  Drone  
  18  1:20  Hatchery  
  17  1:27  Drone x2  
  19  1:35  Drone, Extractor  
  19  1:42  Extractor  
  19  1:43  Queen  
  20  1:48  Drone  
  20  1:53  Drone  
  22  2:18  Overlord x2  
  22  2:31  Queen  
  24  2:37  Drone x2  
  24  2:38  Drone  
  26  2:56  Drone  
  26  2:57  Drone  
  26  2:58  Drone x2  
  30  3:00  Zergling x4  
  32  3:07  Drone x2  
  34  3:16  Evolution Chamber  
  34  3:20  Zergling x4  
  35  3:31  Drone x2, Baneling Nest  
  36  3:50  Drone x2, Zergling x8  
  36  3:54  Zerg Ground Armor Level 1  
  42  4:00  Drone x2  
  43  4:15  Overlord x2  
  43  4:16  Overlord x2  
  43  4:18  Hatchery  
  43  4:20  Drone  
  43  4:35  Zergling x2  
  43  4:36  Zergling x4  
  46  4:40  Drone x3  
  49  4:53  Lair  
  49  4:56  Extractor  
  49  4:58  Extractor  
  47  5:07  Drone  
  47  5:08  Drone x2  
  47  5:10  Drone x3  
  47  5:13  Queen  
  55  5:36  Drone x3  
  55  5:37  Zergling x2  
  55  5:38  Evolution Chamber  
  58  5:48  Zerg Melee Weapons Level 1, Queen  
  60  5:50  Zergling x4  
  60  5:54  Queen  
  60  5:55  Drone x2  
  66  5:59  Centrifical Hooks  
  66  6:00  Metabolic Boost  
  66  6:02  Baneling x5  
  66  6:03  Baneling  
  66  6:04  Zergling x4  
  68  6:12  Zergling x2  
  68  6:13  Zergling x2  
  70  6:24  Queen  
  71  6:28  Zergling x8  
  75  6:42  Zergling x2  
  75  6:45  Baneling x4  
  75  6:46  Baneling x7  
  75  6:47  Baneling x2  
  71  7:11  Zergling x10  
  71  7:13  Zerg Ground Armor Level 2  
  71  7:15  Overlord x2  
  76  7:35  Spore Crawler, Overseer  
  75  7:43  Hatchery, Zergling x12  
  80  7:46  Baneling x6  
  80  7:47  Baneling x6  
  80  7:48  Zergling x8  
  81  8:08  Zergling x4  
  81  8:09  Zergling x8  
  81  8:10  Hatchery  
  86  8:17  Spore Crawler  
  85  8:24  Zergling x8  
  85  8:25  Zergling x2  
  90  8:34  Zergling x10  
  76  8:38  Zergling x2  
  77  8:47  Zergling x6  
  77  8:54  Baneling x3  
  77  8:55  Baneling x17  
  76  8:59  Zergling x4  
  78  9:02  Baneling  
  78  9:03  Baneling x16  
  78  9:04  Baneling x3  
  77  9:12  Zergling x2  
  77  9:13  Drone x9  
  77  9:19  Baneling  
  77  9:20  Baneling x8  
  77  9:22  Zergling x2  
  78  9:40  Zergling x2  
  78  9:41  Zergling x18  
  70  9:54  Zergling x8  
  70  9:56  Zergling x2  
Show
View Real Time Build Order
Export as new Build Order

Cuervo Zerg - Winner!

Build Orders: Pool First 

Get SALT Encoding   

  12  0:01  Drone  
  13  0:12  Overlord  
  13  0:17  Drone  
  14  0:31  Drone x2  
  14  0:35  Drone  
  17  0:45  Spawning Pool  
  17  0:49  Drone  
  17  1:10  Hatchery  
  16  1:13  Drone  
  16  1:16  Extractor  
  16  1:18  Drone  
  16  1:21  Drone  
  18  1:34  Queen  
  18  1:37  Drone  
  21  1:44  Overlord  
  21  1:53  Zergling x2  
  22  2:03  Zergling x2  
  23  2:09  Queen  
  26  2:15  Drone  
  26  2:17  Metabolic Boost  
  26  2:29  Zergling x2  
  27  2:30  Zergling x2  
  27  2:33  Drone  
  27  2:34  Drone  
  30  2:43  Overlord  
  30  2:47  Drone x3  
  30  2:48  Drone  
  34  3:05  Drone x2  
  36  3:08  Baneling Nest  
  36  3:09  Roach Warren  
  35  3:13  Drone x2  
  37  3:21  Drone x3  
  37  3:22  Drone x2  
  37  3:23  Overlord  
  42  3:38  Hatchery  
  42  3:40  Drone x2  
  43  3:45  Overlord  
  43  4:04  Roach x2  
  43  4:05  Roach x5  
  56  4:14  Overlord x2  
  56  4:21  Evolution Chamber  
  55  4:28  Evolution Chamber  
  55  4:29  Lair  
  54  4:45  Overlord  
  54  4:46  Overlord  
  54  4:49  Drone x6  
  54  4:51  Queen  
  60  5:04  Roach  
  60  5:05  Roach x3  
  70  5:14  Roach x2  
  72  5:24  Drone x6  
  78  5:35  Extractor  
  77  5:37  Extractor  
  77  5:39  Extractor  
  77  5:40  Drone x2  
  77  5:42  Overlord  
  77  5:43  Zerg Missile Weapons Level 1  
  77  5:48  Drone x2  
  77  5:49  Drone x2  
  81  6:03  Drone x5  
  86  6:25  Roach x2  
  90  6:26  Roach x4  
  90  6:29  Hatchery  
  90  6:30  Zerg Ground Armor Level 1  
  97  6:46  Overseer  
  96  6:50  Roach  
  96  6:51  Overlord  
  96  6:52  Overlord x7  
  90  7:15  Roach  
  92  7:16  Roach x3  
  98  7:32  Roach  
  98  7:33  Roach x7  
  114  7:37  Roach x2  
  114  7:38  Roach x12  
  142  7:47  Extractor  
  142  7:49  Drone x4, Extractor  
  140  8:07  Roach  
  140  8:08  Roach x9  
  160  8:15  Roach  
  160  8:16  Roach x2  
  166  8:22  Roach  
  166  8:25  Overlord x2  
  166  8:26  Overlord x8  
  132  8:44  Roach  
  132  8:45  Roach x2  
  128  8:58  Roach  
  128  8:59  Roach x6  
  140  9:22  Roach, Hatchery  
  140  9:23  Roach x8  
  157  9:29  Roach  
  157  9:30  Roach x5  
  169  9:44  Roach  
Tags
 
League
Gold
Matchup
ZvZ
Race
Zerg
Spawn Locations
Cross Positions
Add a new tag
Caveats
  • Supply blocks, unpowered buildings, or Contaminate may cause inaccurate times.
  • Supply counts are checked every 10 seconds.